 Dungeon Crawl Stone Soup version 0.25-a0-1078-gea6e5d949a (webtiles) character file.

Game seed: 2339309105163731295, levelgen mode: deterministic

6682 Maedhros the Martial Artist (level 11, -15/71 HPs)
             Began as an Octopode Artificer on May 15, 2020.
             Was an Elder of Cheibriados.
             Demolished by a slime creature (18 damage)
             ... on level 11 of the Dungeon.
             The game lasted 00:23:00 (4110 turns).

Maedhros the Martial Artist (Octopode Artificer)    Turns: 4110, Time: 00:23:04

Health: -15/71     AC:  1    Str: 21    XL:     11   Next: 3%
Magic:  10/16      EV: 20    Int: 22    God:    Cheibriados [****..]
Gold:   544        SH:  5    Dex: 25    Spells: 1/10 levels left

rFire    . . .     SeeInvis .     - Unarmed
rCold    . . .     Gourm    .   m - +0 buckler
rNeg     . . .     Faith    .   (helmet restricted)
rPois    .         Spirit   .   v - amulet of magic regeneration
rElec    .         Reflect  .   (no ring)
rCorr    .         Harm     .   (no ring)
MR       .....                  (no ring)
Stlth    ++++......             (no ring)
HPRegen  0.21/turn              (no ring)
MPRegen  0.40/turn              (no ring)
                                (no ring)
                                (no ring)

@: very slow
A: almost no armour, stealthy swim, amphibious, 8 rings, constrict 8, camouflage
1, mutation resistance 1, gelatinous body 1
a: Bend Time, Temporal Distortion, Slouch, Renounce Religion


You were on level 11 of the Dungeon.
You worshipped Cheibriados.
Cheibriados was greatly pleased with you.
You were hungry.

You visited 2 branches of the dungeon, and saw 12 of its levels.

You collected 544 gold pieces.

Inventory:

Hand Weapons
 h - a +4 trident of freezing
 l - the +5 rapier "Guticwas" {flame, Dex+6}
   (You found it on level 5 of the Dungeon)

   It has been specially enchanted to burn those struck by it, causing extra
   injury to most foes and up to half again as much damage against particularly
   susceptible opponents.
   It affects your dexterity (+6).
 E - a +0 triple crossbow
Missiles
 D - 6 curare-tipped darts (quivered)
Armour
 m - a +0 buckler (worn)
Jewellery
 v - an amulet of magic regeneration (around mantle)
 F - an uncursed amulet of magic regeneration
Wands
 b - a wand of flame (38)
 d - a wand of random effects (10)
 i - a wand of iceblast (9)
 k - a wand of acid (8)
 n - a wand of polymorph (8)
 o - a wand of paralysis (8)
 p - a wand of digging (4)
 y - a wand of disintegration (18)
 C - a wand of enslavement (5)
Scrolls
 c - a scroll of enchant weapon
 j - 4 scrolls of amnesia
 s - a scroll of teleportation {unknown}
 u - 2 scrolls of remove curse
 G - a scroll of magic mapping
Potions
 a - a potion of lignification {unknown}
 e - a potion of flight
 g - 2 potions of magic
 q - 2 potions of curing
 r - 5 potions of brilliance
 t - 2 potions of stabbing
 w - a potion of haste {unknown}
 x - a potion of resistance {unknown}
 z - a potion of might {unknown}
 A - a potion of mutation {unknown}
 B - a potion of ambrosia {unknown}
Comestibles
 f - 7 rations


   Skills:
 + Level 5.1 Fighting
 - Level 1.0 Short Blades
 - Level 8.0 Dodging
 - Level 4.0 Stealth
 + Level 0.4 Shields
 + Level 9.9 Unarmed Combat
 + Level 2.2 Conjurations
 + Level 2.4 Summonings
 + Level 2.3 Translocations
 + Level 2.3 Air Magic
 + Level 2.8 Poison Magic
 + Level 3.8 Invocations
 * Level 6.7 Evocations


You had one spell level left.
You knew the following spells:

 Your Spells              Type           Power        Failure   Level  Hunger
a - Call Imp              Summ           ##......     14%         2    ###....
b - Mephitic Cloud        Conj/Pois/Air  ##......     28%         3    ####...
c - Blink                 Tloc           N/A          16%         2    ###....
d - Apportation           Tloc           ##....       10%         1    ##.....
e - Summon Butterflies    Summ           ##......     10%         1    ##.....

Your spell library contained the following spells:

 Spells                   Type           Power        Failure   Level  Hunger
 Magic Dart               Conj           ##..         11%         1    ##.....
 Foxfire                  Conj/Fire      #...         17%         1    ##.....
 Corona                   Hex            #......      26%         1    ##.....
 Lesser Beckoning         Tloc           ##........   30%         3    ####...
 Ensorcelled Hibernation  Hex/Ice        #.....       36%         2    ###....
 Slow                     Hex            #.......     36%         2    ###....
 Conjure Flame            Conj/Fire      #.......     45%         3    ####...
 Dazzling Flash           Conj/Hex       #.....       45%         3    ####...
 Confusing Touch          Hex            #.......     61%         3    ####...
 Inner Flame              Hex/Fire       #.......     61%         3    ####...
 Tukima's Dance           Hex            #.......     61%         3    ####...
 Sticky Flame             Conj/Fire      #.......     86%         4    #####..
 Alistair's Intoxication  Tmut/Pois      #.......     99%         5    ######.
 Fireball                 Conj/Fire      #.........   99%         5    ######.
 Invisibility             Hex            #.......     100%        6    #######


Dungeon Overview and Level Annotations

Branches:
Dungeon (11/15)            Temple (1/1) D:6            Lair (0/6) D:10
    Orc: D:9-12

Altars:
Ashenzari
Cheibriados
Elyvilon
Fedhas
Gozag
Hepliaklqana
Makhleb
Nemelex Xobeh
Okawaru
Ru
Sif Muna
Trog
Vehumet
Wu Jian
Xom
Yredelemnul
Zin
The Shining One

Annotations:
D:10 exclusion: oklob plant


Innate Abilities, Weirdness & Mutations

You cannot wear most types of armour.
You are very stealthy in the water. (Stealth+)
You are amphibious.
You can wear up to eight rings at the same time.
You can use your tentacles to constrict eight enemies at once.
Your skin changes colour to match your surroundings (Stealth+).
Your rubbery body absorbs attacks. (AC +1, EV +1)
You are somewhat resistant to further mutation.


Message History

You fail to use your ability.
A large slime creature splits.
The slime creature completely misses you.
You fail to use your ability.
The slime creature hits you!
* * * LOW HITPOINT WARNING * * *
The slime creature hits you!
* * * LOW HITPOINT WARNING * * *
The slime creature hits you.
* * * LOW HITPOINT WARNING * * *
Okay, then.
Okay, then.
Okay, then.
Okay, then.
You can feel time thicken for a moment.
You kill the slime creature!
Cheibriados appreciates the change of pace.
You are feeling hungry.
Cheibriados lowers the support of your attributes as your movement quickens.
The slime creature closely misses you. The slime creature hits you!!
You die...
Xom cackles wildly!

#.... .####### #..#
......#####..#
#...........#
#...........#
#...........#
#.........J.#
#....#####J.#
.######....# #@J#
...........# #..#
...........# #..#
##.......# #...
...#.......## #[...
...#.................
...#.#########........
...#.# .....### ...#.#


You could see 3 slime creatures.

Vanquished Creatures
  A two-headed ogre (D:9)
  Nergalle (D:10)
  A spiny frog (shapeshifter) (D:8)
  A centaur skeleton (D:7)
  2 trolls
  Grinder (D:3)
  A slime creature (D:11)
  4 hippogriffs
  2 hungry ghosts
  A hog (D:8)
  3 ogres
  A warg (D:7)
  A black bear (D:6)
  3 ice beasts
  An orc warrior (D:7)
  A big kobold (D:10)
  A gnoll sergeant (D:7)
  3 bullfrogs
  A water moccasin zombie (D:6)
  A scorpion (D:8)
  8 wights (D:8)
  4 howler monkeys
  2 crimson imps
  2 orc priests (D:8)
  5 adders
  3 hounds
  2 orc wizards
  2 bullfrog skeletons
  4 iguanas
  5 worker ants
  Robin (D:3)
  A howler monkey zombie (D:11)
  3 gnolls (D:7)
  2 shadow imps
  An ooze (D:2)
  2 adder zombies (D:8)
  2 worms
  2 dart slugs (D:1)
  5 leopard geckos
  14 orcs
  A ball python (D:3)
  7 giant cockroaches
  12 goblins
  8 hobgoblins
  6 jackals
  4 quokkas
  4 bats
  2 frilled lizards (D:1)
  5 kobolds
  A leopard gecko skeleton (D:9)
  2 quokka skeletons
  A quokka zombie (D:8)
  3 rats
157 creatures vanquished.

Vanquished Creatures (collateral kills)
  A hydra (D:7)
  Eustachio (D:4)
  An ice beast (D:6)
  A scorpion (D:6)
  2 howler monkeys (D:7)
  A jelly (D:7)
  7 orcs
  A kobold (D:3)
  A quokka (D:3)
  A frilled lizard (D:3)
  A rat (D:3)
18 creatures vanquished.

Vanquished Creatures (others)
  Pikel (D:4)
  A porcupine (D:8)
  A slave (D:4)
  2 orc priests
5 creatures vanquished.

Grand Total: 180 creatures vanquished

Notes
Turn   | Place    | Note
-------+----------+-------------------------------------------
     0 | D:1      | Maedhros the Octopode Artificer began the quest for the
                  | Orb.
     0 | D:1      | Reached XP level 1. HP: 13/13 MP: 3/3
   249 | D:2      | Reached XP level 2. HP: 9/18 MP: 4/4
   270 | D:3      | Found a sacrificial altar of Ru.
   283 | D:4      | Found a shimmering altar of Xom.
   283 | D:4      | Found a shattered altar of Ashenzari.
   288 | D:4      | Became a worshipper of Xom of Chaos
   310 | D:4      | Noticed Eustachio
   329 | D:4      | Killed Eustachio
   329 | D:4      | Reached skill level 2 in Unarmed Combat
   329 | D:4      | Reached XP level 3. HP: 13/23 MP: 5/5
   329 | D:4      | Reached XP level 4. HP: 16/28 MP: 6/6
   334 | D:4      | Reached skill level 3 in Unarmed Combat
   360 | D:4      | XOM: potion effect (stabbing)
   378 | D:4      | Reached XP level 5. HP: 6/33 MP: 7/7
   394 | D:5      | Entered Level 5 of the Dungeon
   473 | D:5      | Reached skill level 4 in Unarmed Combat
   509 | D:5      | Got a blackened rapier
   510 | D:5      | Identified the +5 rapier "Guticwas" {flame, Dex+6} (You
                  | found it on level 5 of the Dungeon)
   575 | D:6      | Noticed an ice beast
   578 | D:6      | Noticed an ogre
   580 | D:6      | XOM: potion effect (invisibility)
   601 | D:6      | XOM: cast spell 'Cause Fear'
   608 | D:6      | XOM: butterfly on damage
   622 | D:6      | Killed an ice beast
   622 | D:6      | Reached skill level 5 in Unarmed Combat
   622 | D:6      | Reached XP level 6. HP: 9/38 MP: 8/8
   636 | D:6      | Killed an ogre
   669 | D:6      | Found a bloodstained altar of Trog.
   669 | D:6      | XOM: 5-stop teleportation journey
   681 | D:6      | XOM: divination: magic mapping
   694 | D:6      | Found an ornate altar of the Wu Jian Council.
   705 | D:6      | Found a staircase to the Ecumenical Temple.
   715 | D:6      | Reached skill level 6 in Unarmed Combat
   718 | Temple   | Entered the Ecumenical Temple
   780 | D:6      | Reached XP level 7. HP: 18/43 MP: 9/9
   938 | D:7      | XOM: fog
   952 | D:7      | Reached skill level 7 in Unarmed Combat
   952 | D:7      | Reached XP level 8. HP: 12/48 MP: 10/10
  1026 | D:7      | XOM: cast spell 'Monstrous Menagerie'
  1029 | D:7      | Reached skill level 5 in Dodging
  1039 | D:7      | Noticed a four-headed hydra
  1047 | D:7      | Killed a four-headed hydra
  1130 | D:7      | Found a snail-covered altar of Cheibriados.
  1130 | D:7      | Found a bloodstained altar of Trog.
  1131 | D:7      | Found a white marble altar of Elyvilon.
  1145 | D:7      | Fell from the grace of Xom
  1145 | D:7      | Became a worshipper of Cheibriados the Contemplative
  1225 | D:6      | Reached skill level 8 in Unarmed Combat
  1342 | D:4      | XOM: stat loss: -1 Dex (20/21)
  1378 | D:4      | Learned a level 2 spell: Call Imp
  1382 | D:4      | Learned a level 3 spell: Mephitic Cloud
  1385 | D:4      | Learned a level 2 spell: Blink
  1418 | D:4      | Noticed Pikel
  1481 | D:4      | Killed Pikel
  1539 | D:4      | Reached XP level 9. HP: 48/53 MP: 11/11
  1726 | D:1      | Reached * piety under Cheibriados
  1766 | D:1      | XOM: torment (28/53 hp)
  1978 | D:2      | XOM: summons 1 hostile demon
  2021 | D:2      | Found a shimmering blue altar of Sif Muna.
  2043 | D:2      | XOM: summons 2 hostile demons
  2082 | D:3      | Noticed Grinder
  2105 | D:3      | Reached ** piety under Cheibriados
  2125 | D:3      | Noticed Robin
  2130 | D:3      | Killed Robin
  2140 | D:3      | Killed Grinder
  2398 | D:5      | XOM: give mutation
  2398 | D:5      | Gained mutation: You are somewhat resistant to further
                  | mutation. [Xom's mischief]
  2630 | D:8      | XOM: polymorph water moccasin -> shapeshifter
  2645 | D:8      | Noticed a spiny frog
  2645 | D:8      | a shapeshifter changed into a spiny frog
  2649 | D:8      | Killed a spiny frog
  2649 | D:8      | Reached skill level 9 in Unarmed Combat
  2758 | D:8      | Reached *** piety under Cheibriados
  2758 | D:8      | Reached skill level 1 in Invocations
  2784 | D:8      | XOM: 1-stop teleportation journey
  2843 | D:8      | Reached XP level 10. HP: 40/63 MP: 13/13
  2873 | D:8      | Reached skill level 5 in Evocations
  2976 | D:9      | Noticed a two-headed ogre
  2982 | D:9      | Killed a two-headed ogre
  2982 | D:9      | Reached skill level 1 in Summonings
  2982 | D:9      | Reached skill level 1 in Air Magic
  2982 | D:9      | Reached skill level 1 in Poison Magic
  3002 | D:9      | Reached skill level 1 in Conjurations
  3002 | D:9      | Reached skill level 1 in Translocations
  3415 | D:9      | Learned a level 1 spell: Apportation
  3417 | D:9      | Learned a level 1 spell: Summon Butterflies
  3446 | D:9      | XOM: silly message
  3450 | D:10     | Entered Level 10 of the Dungeon
  3494 | D:10     | Reached **** piety under Cheibriados
  3563 | D:10     | Found a staircase to the Lair.
  3563 | D:10     | Noticed an oklob plant
  3672 | D:11     | XOM: divination: detect creatures
  3697 | D:11     | Found a glowing silver altar of Zin.
  3723 | D:10     | Noticed Nergalle
  3730 | D:10     | Killed Nergalle
  3730 | D:10     | Reached skill level 5 in Fighting
  3874 | D:10     | HP: 3/66 [troll (9)]
  4061 | D:11     | XOM: noise
  4103 | D:11     | Reached XP level 11. HP: 54/71 MP: 15/15
  4109 | D:11     | HP: 2/71 [slime creature (4)]
  4110 | D:11     | Demolished by a slime creature

Illustrated notes

Levels and vault maps discovered:
D:1:      scummos_arrival_forest, layout_rooms
D:2:      layout_rooms, lemuel_blue_sif_altar, first_ration, chequers_garden,
          minmay_tall_x
D:3:      layout_basic, lemuel_round_altar, nicolae_ru_awakened_eye,
          gammafunk_temple_overflow_statue, kennysheep_orc_chapel, uniq_robin,
          uniq_crazy_yiuf_cottage, uniq_grinder
D:4:      layout_basic, gammafunk_temple_overflow_elements,
          gup_sewer_entry_pipe, uniq_eustachio, uniq_pikel
D:5:      layout_basic, serial_park_tiny_2
D:6:      layout_cave_pools, marbit_many_paths, overflow_temple_1_default,
          minmay_temple_entry_waves, trog_ov_bears_minmay
D:7:      layout_loops_corners, gammafunk_temple_overflow_claw, grunt_ogre_cave
D:8:      layout_loops_cross
D:9:      layout_roguey
D:10:     layout_irregular_city, dpeg_oklobed_lair, uniq_nergalle
D:11:     layout_irregular_city, orc_0_dummy, hangedman_abyss_or_decor_stabs,
          lemuel_altar_in_water
Temple:   chequers_temple_sunken

Skill      XL: |  1  2  3  4  5  6  7  8  9 10 |
---------------+-------------------------------+-----
Stealth        | 3 4 |  4.0
Unarmed Combat | 2 3 5 6 7 8 9 |  9.9
Dodging        | 4 7 8 |  8.0
Fighting       | 4 5 |  5.1
Invocations    | 2 3 |  3.8
Evocations     | 4 6 |  6.7
Summonings     | 2 |  2.4
Air Magic      | 2 |  2.3
Poison Magic   | 2 |  2.8
Conjurations   | 2 |  2.2
Translocations | 2 |  2.3
Short Blades   | |  1.0
Shields        | |  0.4

Action                   |  1- 3 |  4- 6 |  7- 9 | 10-12 || total
-------------------------+-------+-------+-------+-------++-------
Melee: Short sword       |    16 |     9 |       |       ||    25
       Constrict         |     2 |     8 |    38 |    21 ||    69
       Tentacles         |     2 |     6 |    26 |    32 ||    66
       Rapier            |       |    23 |   121 |       ||   144
       Punch             |       |     1 |    21 |     9 ||    31
       Unarmed           |       |       |    46 |    91 ||   137
Throw: Dart              |       |       |       |     2 ||     2
Invok: Slouch            |       |       |       |     1 ||     1
Evoke: Wand              |     4 |    13 |    25 |    22 ||    64
  Use: Potion            |       |     2 |     1 |     1 ||     4
       Scroll            |       |       |    14 |     3 ||    17
 Stab: Sleeping          |     1 |     2 |    23 |     3 ||    29
       Paralysed         |       |       |     3 |     3 ||     6
       Betrayed ally     |       |       |       |     1 ||     1
  Eat: Chunk             |       |       |     5 |     3 ||     8
Armor: Skin              |     1 |     2 |     5 |     3 ||    11
Dodge: Dodged            |    15 |    25 |   128 |    67 ||   235
Block: Buckler           |       |       |       |     1 ||     1

Table legend:
 A = Non-vault XP
 B = Vault XP
 C = Vault XP percentage of total XP
 D = Non-vault monster count
 E = Vault monster count
 F = Vault count percentage of total count
                 A         B        C        D         E       F
            +---------+---------+-------+---------+---------+-------
      Total |    8152 |    1395 |  14.6 |     154 |      21 |  12.0
            +---------+---------+-------+---------+---------+-------
        D:1 |      30 |       0 |   0.0 |      16 |       0 |   0.0
        D:2 |      32 |       0 |   0.0 |      13 |       0 |   0.0
        D:3 |      53 |     248 |  82.4 |      18 |      12 |  40.0
        D:4 |     146 |     113 |  43.6 |       9 |       6 |  40.0
        D:5 |      43 |       0 |   0.0 |       1 |       0 |   0.0
        D:6 |     589 |     136 |  18.8 |      15 |       1 |   6.2
        D:7 |    2228 |     118 |   5.0 |      28 |       1 |   3.4
        D:8 |    2195 |       0 |   0.0 |      28 |       0 |   0.0
        D:9 |    1420 |       0 |   0.0 |       7 |       0 |   0.0
       D:10 |     699 |     780 |  52.7 |      11 |       1 |   8.3
       D:11 |     717 |       0 |   0.0 |       8 |       0 |   0.0
            +---------+---------+-------+---------+---------+-------
